 Dungeon Crawl Stone Soup version 0.30.0-29-ga12c61a403 (webtiles) character file.

Game seed: 11540541376546944585

6609 Bnni the Geomancer (level 11, -4/84 HPs)
             Began as a Formicid Earth Elementalist on June 14, 2023.
             Slain by a wraith (10 damage)
             ... on level 9 of the Dungeon.
             The game lasted 00:16:44 (8840 turns).

Bnni the Geomancer (Formicid Earth Elementalist)    Turns: 8840, Time: 00:16:45

Health: -4/84      AC: 13    Str: 13    XL:     11   Next: 21%
Magic:  19/21      EV: 10    Int: 19    God:
Gold:   429        SH:  5    Dex: 14    Spells: 9/24 levels left

rFire   . . .        k - +2 dagger (venom)
rCold   . . .        m - +0 buckler
rNeg    . . .        a - +4 ring mail
rPois   .            (helmet unavailable)
rElec   .            I - +0 cloak
rCorr   .            w - +0 pair of gloves
SInv    +            (no boots)
Will    +....        c - amulet of the acrobat
Stlth   +            o - ring of flight
HPRegen 0.34/turn    (no ring)
MPRegen 0.17/turn

%: acrobat
@: marked, flying, invisible
A: permanent stasis, dig shafts and tunnels, antennae 3, four strong arms
a: Dig, Shaft Self


You were on level 9 of the Dungeon.
You visited 2 branches of the dungeon, and saw 10 of its levels.
You also visited: Sewer.

You collected 429 gold pieces.

Inventory:

Hand Weapons
 k - a +2 dagger of venom (weapon)
Missiles
 r - 2 curare-tipped darts
 s - 32 poisoned darts
 A - 3 throwing nets
Armour
 a - a +4 ring mail (worn)
 m - a +0 buckler (worn)
 p - a +0 kite shield
 w - a +0 pair of gloves (worn)
 I - a +0 cloak (worn)
Jewellery
 c - an amulet of the acrobat (around neck)
 o - a ring of flight (left hand)
 z - a ring of fire
Wands
 y - a wand of mindburst (23)
 F - a wand of polymorph (4)
Scrolls
 d - 3 scrolls of fog
 e - 2 scrolls of amnesia {unknown}
 h - a scroll of acquirement {unknown}
 j - 2 scrolls of immolation
 l - a scroll of enchant armour {unknown}
 u - a scroll of brand weapon {unknown}
 v - a scroll of butterflies {unknown}
 B - 2 scrolls of fear {unknown}
 G - a scroll of enchant weapon
 H - a scroll of poison {unknown}
 J - a scroll of torment {unknown}
Potions
 f - a potion of flight
 g - a potion of cancellation
 i - a potion of brilliance
 n - a potion of mutation
 t - a potion of haste
 C - a potion of attraction
 D - 6 potions of curing
 E - a potion of lignification


   Skills:
 + Level 7.2 Fighting
 + Level 6.8 Armour
 - Level 1.7 Dodging
 - Level 2.4 Stealth
 + Level 6.3 Shields
 + Level 7.1 Spellcasting
 - Level 3.0 Conjurations
 - Level 3.0 Transmutations
 * Level 12.1 Earth Magic


You had 9 spell levels left.
You knew the following spells:

 Your Spells              Type           Power      Damage    Failure   Level
a - Sandblast             Erth           100%       2d20      1%          1
b - Passwall              Tmut/Erth      29%        N/A       1%          2
c - Stone Arrow           Conj/Erth      70%        3d11      3%          3
d - Petrify               Tmut/Erth      35%        N/A       11%         4
e - Lee's Rapid Deconstr  Erth           25%        3d14*     4%          5

Your spell library contained the following spells:

 Spells                   Type           Power      Damage    Failure   Level
 Momentum Strike          Conj/Tloc      24%        3d8       21%         2
 Cigotuvi's Dreadful Rot  Necr/Pois/Air  12%        N/A       36%         2
 Lesser Beckoning         Tloc           12%        N/A       36%         2
 Dazzling Flash           Conj/Hex       24%        N/A       38%         3
 Ignite Poison            Fire/Tmut/Pois 10%        N/A       45%         3
 Frozen Ramparts          Ice            12%        1d2       58%         3
 Ozocubu's Armour         Ice            6%         N/A       58%         3
 Volatile Blastmotes      Fire/Tloc      12%        2d11      58%         3
 Fulminant Prism          Conj/Hex       6%         3d7       80%         4
 Ice Form                 Ice/Tmut       12%        N/A       80%         4
 Iskenderun's Mystic Bla  Conj/Tloc      12%        2d5       80%         4
 Summon Ice Beast         Ice/Summ       6%         N/A       94%         4
 Freezing Cloud           Conj/Ice/Air   5%         6-21      99%         5
 Starburst                Conj/Fire      6%         6d4       100%        6
 Malign Gateway           Summ/Tloc      3%         N/A       100%        7
 Ozocubu's Refrigeration  Ice            3%         4d8       100%        7
 Summon Horrible Things   Summ           3%         N/A       100%        8
 Blink                    Tloc           Unusable   N/A       N/A         2

Dungeon Overview and Level Annotations

Branches:
Dungeon (9/15)             Temple (1/1) D:4            Lair (0/5) D:9
  Sewer (visited)
    Orc: D:9-12

Altars:
Ashenzari
Dithmenos
Elyvilon
Fedhas
Gozag
Hepliaklqana
Kikubaaqudgha
Makhleb
Nemelex Xobeh
Okawaru
Qazlal
Ru
Sif Muna
Trog
Uskayaw
Vehumet
Wu Jian
Xom
Yredelemnul
Zin
The Shining One

Shops:
D:2 [

Annotations:
D:7 2 transporters, purpleHaze's ghost, novice HuHu


Innate Abilities, Weirdness & Mutations

You cannot be hasted, slowed, berserked, paralysed or teleported.
You can dig through walls and to a lower floor.
You have a pair of large antennae on your head. (SInv)
Your four strong arms can wield two-handed weapons with a shield.


Message History

The wraith drains your vigour!
Your stasis prevents you from being slowed.
The wraith hits you but does no damage.
Aiming: Sandblast (safe; 1% risk of failure)
Press: ? - help, Q - select action, (/) - cycle Shift-Dir - straight line, f/p - wraith
Aim: a wraith (moderately damaged, 85% to hit)
The blast of sand misses the wraith.
The wraith hits you.
* * * LOW HITPOINT WARNING * * *
The wraith drains your vigour!
Your stasis prevents you from being slowed.
Aiming: Sandblast (safe; 1% risk of failure)
Press: ? - help, Q - select action, (/) - cycle Shift-Dir - straight line, f/p - wraith
Aim: a wraith (moderately damaged, 85% to hit)
The blast of sand hits the wraith but does no damage.
The wraith is moderately damaged.
A water moccasin comes into view.
The wraith hits you but does no damage.
A wyvern comes into view.
The wraith barely misses you.
Unknown command.
Magic courses through your body. The wraith closely misses you.
Aiming: Sandblast (safe; 1% risk of failure)
Press: ? - help, Q - select action, (/) - cycle Shift-Dir - straight line, f/p - wraith
Aim: a wraith (moderately damaged, 85% to hit)
The blast of sand hits the wraith but does no damage.
The wraith is moderately damaged.
The wyvern closely misses you. You block the wraith's attack.
The wyvern bites you.
* * * LOW HITPOINT WARNING * * *
Unknown command.
Aiming: Sandblast (safe; 1% risk of failure)
Press: ? - help, Q - select action, (/) - cycle Shift-Dir - straight line, f/p - wraith
Aim: a wraith (moderately damaged, 85% to hit)
The blast of sand hits the wraith but does no damage.
The wraith is moderately damaged.
The wyvern bites you!
* * * LOW HITPOINT WARNING * * *
The wraith hits you!
You die...

#.#######)..##
#..PP....>.... ..#
#...# #P....P...P..P
.### #...#
#........P.... .
#...# #.....PP......
#...# #.........P.P.
##...#######.PP.P....
.P.
..........##...P..PP.
P..
.......l..†.......P..
P.
......SW@.###.#.P...
.P .#####.#### #.#
.P..P #. #.# .. #.
#.# .## #.
#.#####..#### #.
#........##.. ..
####...#.##(. .y
#.#.#.##.. #.....##..


You could see a wraith, a water moccasin (unable to see you) and a wyvern
(unable to see you).

Vanquished Creatures
  Harold (D:9)
  2 boulder beetles
  A hornet (D:9)
  2 wyverns
  A steam dragon (D:8)
  3 chaos spawn (D:9)
  2 water moccasins
  3 black bears
  A sky beast (D:7)
  An orc warrior (D:8)
  4 ogres
  2 centaurs
  A phantom (D:5)
  4 bullfrogs
  4 kobold brigands
  5 scorpions
  A wyvern zombie (D:5)
  3 gnoll sergeants
  2 water moccasin zombies (D:5)
  A water moccasin skeleton (D:5)
  4 killer bees (D:8)
  2 bullfrog zombies (D:5)
  3 centaur zombies (D:5)
  An orc priest (D:9)
  3 bullfrog skeletons (D:5)
  5 hounds
  A jelly (D:5)
  A centaur skeleton (D:5)
  3 iguanas
  A sleepcap (D:4)
  A gnoll bouda (D:9)
  8 orc wizards
  Robin (D:3)
  14 gnolls
  9 adders
  2 shadow imps
  A white imp (D:6)
  2 ufetubi (D:4)
  4 worms (Sewer)
  A dart slug (D:4)
  26 orcs
  12 ball pythons
  4 bats
  15 endoplasms
  10 giant cockroaches
  9 goblins
  12 hobgoblins
  8 jackals
  14 kobolds
  10 quokkas
  A frilled lizard (D:1)
  5 rats
237 creatures vanquished.

Notes
Turn   | Place    | Note
-------+----------+-------------------------------------------
     0 | D:1      | Bnni the Formicid Earth Elementalist began the quest for
                  | the Orb.
     0 | D:1      | Reached XP level 1. HP: 13/13 MP: 3/3
   115 | D:1      | Reached XP level 2. HP: 12/20 MP: 1/5
   203 | D:1      | Reached skill level 1 in Conjurations
   203 | D:1      | Reached XP level 3. HP: 25/25 MP: 3/6
   205 | D:1      | Reached skill level 4 in Earth Magic
   340 | D:1      | Learned a level 2 spell: Passwall
   344 | D:1      | Learned a level 3 spell: Stone Arrow
   767 | D:1      | Reached XP level 4. HP: 31/31 MP: 7/7
  1183 | D:2      | Found Todefaez's Armour Boutique.
  1256 | D:2      | Found a hide-covered altar of Uskayaw.
  1991 | D:3      | Found a glowing drain.
  2003 | D:3      | Reached skill level 1 in Fighting
  2054 | Sewer    | Entered a sewer
  2066 | Sewer    | Reached XP level 5. HP: 25/37 MP: 3/8
  2238 | Sewer    | Noticed a kobold brigand
  2239 | Sewer    | Noticed a kobold brigand
  2245 | Sewer    | Killed a kobold brigand
  2246 | Sewer    | Reached skill level 1 in Shields
  2249 | Sewer    | Killed a kobold brigand
  2250 | Sewer    | Reached skill level 5 in Earth Magic
  2250 | Sewer    | Reached XP level 6. HP: 4/44 MP: 1/10
  3004 | D:3      | Noticed Robin
  3013 | D:3      | Killed Robin
  3014 | D:3      | Reached XP level 7. HP: 49/50 MP: 3/11
  3211 | D:3      | Found a faded altar of an unknown god.
  3989 | D:4      | Found a staircase to the Ecumenical Temple.
  4018 | Temple   | Entered the Ecumenical Temple
  4479 | D:4      | Reached skill level 1 in Armour
  4615 | D:4      | Learned a level 5 spell: Lee's Rapid Deconstruction
  4836 | D:4      | Reached skill level 6 in Earth Magic
  5035 | D:5      | Entered Level 5 of the Dungeon
  5166 | D:5      | Reached XP level 8. HP: 57/57 MP: 11/13
  5467 | D:5      | Reached skill level 7 in Earth Magic
  5763 | D:5      | Reached XP level 9. HP: 65/65 MP: 12/15
  5820 | D:5      | Learned a level 4 spell: Petrify
  5845 | D:5      | Reached skill level 8 in Earth Magic
  5928 | D:5      | Found a glowing silver altar of Zin.
  5928 | D:5      | Noticed an angel
  6338 | D:6      | Reached skill level 5 in Shields
  6629 | D:7      | Noticed a boulder beetle
  6644 | D:7      | Killed a boulder beetle
  6645 | D:7      | Reached skill level 5 in Fighting
  6645 | D:7      | Reached skill level 5 in Spellcasting
  6645 | D:7      | Reached skill level 9 in Earth Magic
  6807 | D:7      | Reached XP level 10. HP: 61/74 MP: 5/18
  6936 | D:7      | Noticed a moth of wrath
  6938 | D:7      | Noticed purpleHaze's ghost (novice HuHu)
  7034 | D:7      | Reached skill level 5 in Armour
  7054 | D:7      | Identified the +3 trident of Woe {vamp, Fly rN+ Int-4}
  7068 | D:7      | Found a transporter.
  7117 | D:7      | Found a bloodstained altar of Trog.
  7118 | D:7      | Found a transporter.
  7357 | D:7      | Reached skill level 10 in Earth Magic
  7936 | D:8      | Found a transporter.
  8073 | D:8      | Found a transporter.
  8074 | D:8      | Noticed a boulder beetle
  8235 | D:8      | Killed a boulder beetle
  8236 | D:8      | Reached skill level 11 in Earth Magic
  8572 | D:9      | Found a shimmering altar of Xom.
  8751 | D:9      | Reached XP level 11. HP: 49/83 MP: 17/21
  8761 | D:9      | Found a staircase to the Lair.
  8824 | D:9      | Noticed Harold
  8834 | D:9      | Killed Harold
  8835 | D:9      | Reached skill level 12 in Earth Magic
  8840 | D:9      | Slain by a wraith

Illustrated notes

Levels and vault maps discovered:
D:1:      lemuel_arrival_behind_the_door_small, layout_basic,
          minmay_misc_feat_square, minmay_tromino_v4_c
D:2:      layout_basic, basic_altar, serial_shops, shop
D:3:      layout_basic, gup_sewer_entry_pipe,
          hellmonk_ecumenical_altar_inner_sanctum, serial_bayou_pond_e,
          uniq_robin
D:4:      layout_loops_cross, minmay_temple_entry_junction, wad_rectangle_vault
D:5:      layout_cave_pools, zin_angel, serial_undead, serial_undead_b,
          serial_undead_f, serial_undead_c, serial_undead_b, serial_undead_f,
          serial_undead_e, minmay_misc_feat_alley
D:6:      layout_basic
D:7:      layout_loops_cross, gammafunk_ghost_wrathful_warriors, grunt_ogre_cave
D:8:      gammafunk_boulding_lane, layout_basic, serial_park_tiny_2,
          hangedman_decor_opposing
D:9:      layout_loops_cross, due_lair_maze_entry_diamond, enter_bailey_2,
          serial_shops, nicolae_shop_competitors_out_of_business,
          minmay_guarded_unrand_variability, uniq_psyche, uniq_harold
Temple:   mainiacjoe_temple_cubbyholes

Skill      XL: |  1  2  3  4  5  6  7  8  9 10 11 |
---------------+----------------------------------+-----
Conjurations   | 1 2 3 |  3.0
Earth Magic    | 4 5 6 7 9 11 12 | 12.1
Transmutations | 2 3 |  3.0
Fighting       | 1 2 4 5 6 7 |  7.2
Shields        | 1 2 4 5 6 |  6.3
Spellcasting   | 3 4 5 6 7 |  7.1
Armour         | 1 3 4 6 |  6.8
Dodging        | |  1.7
Stealth        | |  2.4

Action                     |  1- 3 |  4- 6 |  7- 9 | 10-12 || total
---------------------------+-------+-------+-------+-------++-------
  Melee: Spear             |    57 |    14 |       |       ||    71
         Punch             |     1 |       |       |       ||     1
         Whip              |       |    29 |       |       ||    29
         Dagger            |       |       |   189 |    37 ||   226
   Cast: Sandblast         |    21 |    62 |   109 |   112 ||   304
         Passwall          |       |     1 |       |       ||     1
         Lee's Rapid Decon |       |       |       |     4 ||     4
         Petrify           |       |       |       |     1 ||     1
Ability: Dig               |       |     2 |       |     1 ||     3
    Use: Potion            |       |     3 |       |     2 ||     5
         Scroll            |       |       |     6 |     7 ||    13
   Stab: Sleeping          |     3 |     2 |       |       ||     5
 Armour: Robe              |    12 |     9 |       |       ||    21
         Ring mail         |       |       |   116 |    39 ||   155
  Dodge: Dodged            |    39 |    29 |   101 |    80 ||   249
  Block: Buckler           |       |    11 |    62 |    36 ||   109
